 Dungeon Crawl Stone Soup version 0.28-a0-1080-g05a166d0ed (webtiles) character file.

Game seed: 12332500812459301869

54 ytrimaz the Insei (level 3, -2/23 HPs)
             Began as an Octopode Transmuter on Dec 10, 2021.
             Killed from afar by a white imp (9 damage)
             ... with a puff of frost
             ... on level 3 of the Dungeon.
             The game lasted 00:01:46 (2519 turns).

ytrimaz the Insei (Octopode Transmuter)             Turns: 2519, Time: 00:01:47

Health: -2/23      AC:  1    Str:  9    XL:     3   Next: 91%
Magic:  7/7        EV: 13    Int: 17    God:
Gold:   101        SH:  0    Dex: 12    Spells: 4/7 levels left

rFire   + . .      SeeInvis .     - Unarmed
rCold   . . .      Faith    .   (no shield)
rNeg    . . .      Spirit   .   (helmet currently unavailable)
rPois   .          Reflect  .   h - amulet of magic regeneration
rElec   .          Harm     .   e - ring of protection from fire
rCorr   .          Rampage  .   (no ring)
Will    .....                   (no ring)
Stlth   ++........              (no ring)
HPRegen 0.07/turn               (no ring)
MPRegen 0.50/turn               (no ring)
                                (no ring)
                                (no ring)

@: appendages (expiring), wereblooded
A: tentacle spike 3, almost no armour, amphibious, 8 rings, camouflage 1,
gelatinous body 1, (nimble swimmer 1), tentacles
a: End Transformation


You were on level 3 of the Dungeon.
One of your tentacles had grown a beastly spike.
You visited 1 branch of the dungeon, and saw 3 of its levels.

You collected 101 gold pieces.

Inventory:

Jewellery
 e - a ring of protection from fire (left tentacle)
 h - an amulet of magic regeneration (around mantle)
Scrolls
 b - a scroll of torment {unknown}
 d - a scroll of fog {unknown}
 f - 2 scrolls of teleportation
 g - a scroll of immolation {unknown}
 i - a scroll of noise {unknown}
Potions
 a - 2 potions of heal wounds {unknown}
 c - 2 potions of might {unknown}
 j - a potion of flight {unknown}
 k - a potion of mutation {unknown}


   Skills:
 * Level 1.5 Fighting
 - Level 2.0 Dodging
 + Level 3.4 Unarmed Combat
 * Level 2.7 Spellcasting
 * Level 2.6 Transmutations


You had 4 spell levels left.
You knew the following spells:

 Your Spells              Type           Power      Damage    Failure   Level
a - Beastly Appendage     Tmut           22%        N/A       6%          1
b - Wereblood             Tmut           11%        N/A       10%         2

Your spell library contained the following spells:

 Spells                   Type           Power      Damage    Failure   Level
 Spider Form              Tmut/Pois      6%         N/A       30%         3
 Ice Form                 Ice/Tmut       6%         N/A       71%         4
 Blade Hands              Tmut           5%         N/A       86%         5
 Irradiate                Conj/Tmut      3%         3d14      96%         5
 Dragon Form              Tmut           5%         N/A       100%        7


Dungeon Overview and Level Annotations

Branches:
Dungeon (3/15)

Altars:

Annotations:
D:2 1 runed translucent door, Crazy Yiuf


Innate Abilities, Weirdness & Mutations

One of your tentacles has grown a beastly spike.
You cannot wear most types of armour.
You are amphibious.
You can wear up to eight rings at the same time.
Your skin changes colour to match your surroundings (Stealth+).
Your rubbery body absorbs attacks. (AC +1, EV +1)
((You are camouflaged near water. (Stealth+)))
You have tentacles for arms and can constrict up to eight enemies at once.


Message History

The adder barely misses you. The adder completely misses you.
The adder bites you.
You are poisoned.
The adder poisons you!
Found a leather armour.
You feel sick.
Found a robe.
You feel sick.
Casting: Beastly Appendage (safe; 6% risk of failure)
Confirm with . or Enter, or press ? or * to list all spells.
Your blood is infused with primal strength.
You feel sick. The adder misses you.
Unknown command.
You tentacle-slap the adder. Your grab misses the adder.
The adder is moderately wounded.
You feel sick. The adder bites you.
You tentacle-slap the adder. Your grab misses the adder.
Your tentacle spike misses the adder.
The adder is heavily wounded.
Your transformation is almost over.
You feel sick. The adder bites you. The adder closely misses you.
You miss the adder. You grab the adder.
You pierce the adder, but do no damage.
You squeeze the adder.
The adder is almost dead.
You constrict the adder.
You feel a bit better.
You kill the adder!
You feel sick.
You feel sick.
You are no longer poisoned.
The white imp barely misses you.
Unknown command.
You closely miss the white imp. Your grab misses the white imp.
You howl as the wereblood boils in your veins!
The white imp hits you. The white imp freezes you.
You tentacle-slap the white imp. You grab the white imp.
The white imp is heavily wounded.
You howl as the wereblood boils in your veins!
You constrict the white imp, but do no damage.
The white imp gestures at you. The puff of frost hits you!
You die...

#................#
#........#######.#
#........# #..
#.......<# ###
#........#
####..#### [ #.##
.[..#######.#
#.....@5..#
########..# #..##
##...# #..#......
........##......
........# .#####
......... .#
........# ##


You could see a white imp.

Vanquished Creatures
  2 adders (D:3)
  3 dart slugs (D:1)
  2 endoplasms (D:2)
  3 giant cockroaches
  4 goblins
  A hobgoblin (D:1)
  2 kobolds (D:1)
  2 quokkas (D:2)
  3 ball pythons (D:1)
  2 frilled lizards
  7 rats (D:1)
31 creatures vanquished.

Notes
Turn   | Place    | Note
-------+----------+-------------------------------------------
     0 | D:1      | ytrimaz the Octopode Transmuter began the quest for the
                  | Orb.
     0 | D:1      | Reached XP level 1. HP: 13/13 MP: 3/3
   173 | D:1      | Reached XP level 2. HP: 13/18 MP: 3/5
  1134 | D:2      | Reached XP level 3. HP: 15/23 MP: 4/6
  1137 | D:2      | Learned a level 2 spell: Wereblood
  1889 | D:2      | Found a runed translucent door.
  1890 | D:2      | Noticed Crazy Yiuf
  2519 | D:3      | Killed from afar by a white imp

Illustrated notes

Levels and vault maps discovered:
D:1:      dpeg_arrival_central, layout_basic
D:2:      wander_river, layout_basic, uniq_crazy_yiuf_cottage
D:3:      layout_rooms, kennysheep_generic_room_11

Action                   || total
-------------------------++-------
Melee: Unarmed           ||    69
       Constrict         ||    17
       Kick              ||    13
       Tentacles         ||     7
 Cast: Beastly Appendage ||    23
       Wereblood         ||     1
  Use: Scroll            ||     1
 Stab: Sleeping          ||     7
Armor: Skin              ||     5
Dodge: Dodged            ||    43

Table legend: (Time is in decaauts)
 A = Elapsed time spent in this place.
 B = Non-inter-level travel time spent in this place.
 C = Inter-level travel time spent in this place.
 D = Time resting spent in this place.
 E = Time spent auto-exploring this place.
 F = Levels seen in this place.
 G = Mean time per level.
                   A        B        C        D        E       F      G
               +--------+--------+--------+--------+--------+-----+--------+
         Total |   2512 |   2460 |     52 |      0 |   2170 |   3 |  837.3 |
       Dungeon |   2512 |   2460 |     52 |      0 |   2170 |   3 |  837.3 |
               +--------+--------+--------+--------+--------+-----+--------+

Top non-repeatable levels by time:
     D:1: 986 daAuts
     D:2: 948 daAuts
     D:3: 578 daAuts
